 Dungeon Crawl Stone Soup version 0.21.0-25-ge575cb9 (webtiles) character file.

62365 sanboga the Severer (level 14, 0/135 HPs)
             Began as a Minotaur Berserker on Jan 24, 2018.
             Was the Champion of Trog.
             Slain by an ice devil (9 damage)
             ... summoned by an orc high priest
             ... on level 2 of the Orcish Mines.
             The game lasted 00:36:58 (21281 turns).

sanboga the Severer (Minotaur Berserker)           Turns: 21281, Time: 00:36:59

Health: 0/135      AC: 23    Str: 24    XL:     14   Next: 64%
Magic:  13/13      EV:  9    Int:  7    God:    Trog [******]
Gold:   2278       SH:  0    Dex: 11    Spells: 13/13 levels left

rFire    + . .     SeeInvis +   s - +3 war axe (vamp)
rCold    + . .     Gourm    +   (no shield)
rNeg     + . .     Faith    .   b - +0 plate armour
rPois    +         Spirit   .   I - +1 hat {SInv}
rElec    .         Reflect  .   K - scarf {rC+ rF+}
rCorr    +         Harm     .   n - +0 pair of gloves
MR       +....     Rnd*Rage +   E - +2 pair of boots of the Griffon {rPois Regen+ rCorr Str-2}
Stlth    ..........             f - amulet of the gourmand
HPRegen  0.72/turn              M - ring of positive energy
MPRegen  0.13/turn              u - +3 ring of intelligence

@: berserk cooldown, very slightly contaminated, slowed, invisible, very slow
A: retaliatory headbutt, horns 2, berserk 1
a: Berserk, Trog's Hand, Brothers in Arms, Burn Spellbooks, Renounce Religion


You were on level 2 of the Orcish Mines.
You worshipped Trog.
Trog was exalted by your worship.
You were very full.

You visited 5 branches of the dungeon, and saw 22 of its levels.
You also visited: Bailey.

You collected 2434 gold pieces.
You spent 156 gold pieces at shops.

Inventory:

Hand Weapons
 r - a +8 antimagic broad axe
 s - a +3 vampiric war axe (weapon)
 O - a +6 war axe of flaming
Missiles
 g - 6 javelins of penetration (quivered)
Armour
 b - a +0 plate armour (worn)
 n - a +0 pair of gloves (worn)
 E - the +2 pair of boots of the Griffon (worn) {rPois Regen+ rCorr Str-2}
   (You found it on level 6 of the Lair of Beasts)

   It affects your strength (-2).
   It protects you from poison.
   It increases your rate of regeneration.
   It protects you from acid and corrosion.
 I - a +1 hat of see invisible (worn)
 K - a scarf of resistance (worn)
Jewellery
 f - an amulet of the gourmand (around neck)
 u - a +3 ring of intelligence (right hand)
 w - an uncursed amulet of faith {unknown}
 B - a +3 ring of evasion
 G - an uncursed amulet of regeneration
 L - an uncursed amulet of guardian spirit
 M - a ring of positive energy (left hand)
Wands
 k - a wand of digging (14)
 l - a wand of acid (3)
 A - a wand of iceblast (8)
 J - a wand of polymorph (19)
Scrolls
 m - 9 scrolls of teleportation
 q - 3 scrolls of magic mapping
 v - 2 scrolls of fear
 y - 3 scrolls of identify
 z - 5 scrolls of remove curse
 F - 2 scrolls of blinking
Potions
 d - a potion of magic
 e - 2 potions of ambrosia
 h - 7 potions of curing
 o - a potion of berserk rage
 p - a potion of haste
 t - a potion of flight
 x - a potion of mutation
 C - a potion of invisibility
 H - a potion of agility
 N - a potion of might
Miscellaneous
 a - a sack of spiders
 D - a phantom mirror
Comestibles
 c - 41 rations
 j - 8 chunks of flesh


   Skills:
 + Level 15.3 Fighting
 * Level 20.3 Axes
 + Level 15.1 Armour
 - Level 2.4 Dodging


You had 13 spell levels left.
You didn't know any spells.

Dungeon Overview and Level Annotations

Branches:
Dungeon (12/15)            Temple (1/1) D:7            Lair (6/6) D:10
  Swamp (0/4) Lair:4        Snake (1/4) Lair:3        Slime (0/5) Lair:6
    Orc (2/2) D:10            Elf (0/3) Orc:2

Altars:
Elyvilon
Gozag
Hepliaklqana
Ru
Sif Muna
Trog
Uskayaw
Wu Jian
Xom
Yredelemnul
The Shining One

Shops:
D:5 (   D:11 (   Orc:2 (

Annotations:
Lair:6 exclusion: 4 oklob plants


Innate Abilities, Weirdness & Mutations

You reflexively headbutt those who attack you in melee.
You have a pair of horns on your head.
You tend to lose your temper in combat.


Message History

You are very lightly contaminated with residual magic.
An orc warrior comes into view.
It is wielding a dire flail of draining.
You feel less confused.
The orc knight shouts!
The orc warrior shouts!
The orc priest invokes the aid of Beogh against you.
Pain shoots through your body!
* * * LOW HITPOINT WARNING * * *
The ice devil hits you but does no damage.
An orc warrior and an orc wizard come into view.
You hit the ice devil. You headbutt the ice devil.
The ice devil is lightly wounded.
You slash the orc priest!
You hit the orc warrior but do no damage.
The orc wizard shouts!
The orc priest barely misses you. You furiously retaliate!
You headbutt the orc priest. The orc warrior barely misses you.
You furiously retaliate!
You headbutt the orc warrior! The ice devil hits you.
* * * LOW HITPOINT WARNING * * *
The ice devil freezes you! You resist.
You die...

## #..## ## # .∩##
#.#.#######. ..# ..##
#....#.#.#.. .o##..#
#.........#. ....#
#........... . #.)#
#...#....... ...
##o)####...##.....
..o4.##oo)(##.#.........
#.#ooo.@4#)##...........
#.#.....##.##.#.........
#.#...###..##...........
#.######..###.......##.#
...####.####...##
#..))...#.## #...........###
#...)....... ######.######
#.....#...#.
######.###########...####.#..
.....................## ####.


You could see an orc knight, an orc high priest, 2 ice devils, 3 orc warriors,
an orc priest and an orc wizard (wandering).

Vanquished Creatures
  Gastronok (D:12)
  A stone giant (Orc:1)
  7 hydras
  3 two-headed ogres
  5 catoblepae
  Erica (Lair:1)
  6 death yaks (Lair:6)
  3 orc high priests
  3 orc knights (Orc:2)
  A deep elf mage (D:12)
  4 orc sorcerers
  An elephant (D:10)
  A manticore (Lair:6)
  5 black mambas
  The ghost of robertstho the Cleaver, a novice MiBe of Trog (D:5)
  10 spiny frogs
  2 centaur skeletons (D:10)
  A gargoyle (D:12)
  A rime drake (Lair:6)
  A kobold demonologist (Bailey)
  8 komodo dragons
  3 trolls
  A hornet (D:9)
  28 blink frogs
  6 dream sheep (Lair:4)
  6 hippogriffs
  A shadow (D:12)
  3 water elementals (D:12)
  A spriggan (D:9)
  49 yaks
  A wyvern (D:8)
  3 basilisks
  A hungry ghost (D:12)
  Grum (Lair:1)
  7 vampire mosquitoes (D:12)
  2 nagas (Lair:3)
  4 swamp worms (Lair:4)
  A warg (Orc:1)
  18 water moccasins
  Duvessa (D:4)
  20 orc warriors
  10 porcupines
  3 sky beasts
  5 ice beasts
  2 black bears
  A phantom (D:3)
  2 necrophages (D:6)
  9 wolves
  11 ogres
  6 centaurs
  10 crocodiles
  3 big kobolds (D:5)
  11 bullfrogs
  Dowan (D:4)
  6 scorpions
  4 killer bees (D:10)
  7 wights
  6 electric eels
  A howler monkey (D:4)
  5 crimson imps
  A quasit (D:12)
  3 jellies
  Crazy Yiuf (D:6)
  3 bullfrog skeletons
  A bullfrog zombie (D:10)
  16 orc priests
  7 hounds
  Natasha (D:3)
  An iguana (D:7)
  15 orc wizards
  Terence (D:3)
  6 worker ants
  A hound zombie (D:8)
  2 hound skeletons
  A worker ant zombie (D:9)
  18 gnolls
  2 howler monkey skeletons
  14 adders
  5 shadow imps
  An ooze (D:4)
  An adder zombie (D:9)
  3 dart slugs
  4 worms
  7 leopard geckos
  63 orcs
  10 bats
  7 giant cockroaches
  41 goblins
  36 hobgoblins
  5 jackals
  4 kobolds
  3 quokkas
  A ball python (D:6)
  4 frilled lizards
  5 rats
  3 fungi (Lair:4)
  4 plants
627 creatures vanquished.

Vanquished Creatures (collateral kills)
  A manticore (Lair:6)
1 creature vanquished.

Vanquished Creatures (others)
  An orc wizard (D:12)
  3 orcs (D:12)
  13 fungi
  7 plants
24 creatures vanquished.

Grand Total: 652 creatures vanquished

Notes
Turn   | Place    | Note
-------+----------+-------------------------------------------
     0 | D:1      | sanboga the Minotaur Berserker began the quest for the Orb.
     0 | D:1      | Reached XP level 1. HP: 19/19 MP: 0/0
   163 | D:1      | Reached XP level 2. HP: 25/27 MP: 1/1
   313 | D:1      | Reached skill level 4 in Axes
   810 | D:1      | Reached XP level 3. HP: 33/33 MP: 2/2
  1356 | D:2      | Reached ** piety under Trog
  1611 | D:2      | Reached XP level 4. HP: 40/40 MP: 3/3
  2093 | D:3      | Reached skill level 5 in Axes
  2225 | D:3      | Noticed Terence
  2227 | D:3      | Noticed Natasha
  2235 | D:3      | Killed Natasha
  2235 | D:3      | Reached XP level 5. HP: 39/47 MP: 4/4
  2236 | D:3      | Killed Terence
  2431 | D:3      | Noticed a phantom
  2443 | D:3      | Killed a phantom
  2443 | D:3      | Reached skill level 5 in Fighting
  2443 | D:3      | Reached skill level 6 in Axes
  2671 | D:4      | Noticed an ogre
  2677 | D:4      | Reached XP level 6. HP: 50/56 MP: 5/5
  2838 | D:4      | Noticed Duvessa
  2840 | D:4      | Noticed Dowan
  2856 | D:4      | Killed Duvessa
  2856 | D:4      | Reached *** piety under Trog
  2856 | D:4      | Reached skill level 7 in Axes
  2859 | D:4      | Killed Dowan
  2859 | D:4      | Reached skill level 5 in Armour
  2859 | D:4      | Reached XP level 7. HP: 62/62 MP: 6/6
  3428 | D:5      | Entered Level 5 of the Dungeon
  3721 | D:5      | Found a shimmering altar of Xom.
  3723 | D:5      | Found an iron altar of Okawaru.
  3723 | D:5      | Found a glowing golden altar of the Shining One.
  3725 | D:5      | Found a white marble altar of Elyvilon.
  3725 | D:5      | Found a glowing golden altar of the Shining One.
  3725 | D:5      | Found a deep blue altar of Sif Muna.
  3894 | D:5      | Found Sedeomp's Antique Weapon Boutique.
  3902 | D:5      | Bought a runed war axe for 156 gold pieces
  4051 | D:5      | Reached skill level 8 in Axes
  4127 | D:5      | Reached **** piety under Trog
  4148 | D:5      | Reached XP level 8. HP: 71/71 MP: 7/7
  4160 | D:5      | Noticed robertstho's ghost (novice MiBe)
  4172 | D:5      | Killed robertstho's ghost
  4172 | D:5      | Reached skill level 9 in Axes
  4720 | D:6      | Found an opulent altar of Gozag.
  4813 | D:6      | Reached skill level 10 in Axes
  4973 | D:6      | Reached XP level 9. HP: 29/81 MP: 8/8
  5290 | D:6      | Found a runed door.
  5464 | D:6      | Reached ***** piety under Trog
  5751 | D:6      | Noticed Crazy Yiuf
  5757 | D:6      | Killed Crazy Yiuf
  5921 | D:7      | Reached skill level 11 in Axes
  6040 | D:7      | Found a staircase to the Ecumenical Temple.
  6407 | D:7      | Found a basalt altar of Yredelemnul.
  6491 | Temple   | Entered the Ecumenical Temple
  6518 | D:8      | Received a gift from Trog
  6616 | D:8      | Found a flagged portal.
  6617 | D:8      | Noticed a two-headed ogre
  6629 | D:8      | Killed a two-headed ogre
  6629 | D:8      | Reached skill level 12 in Axes
  6659 | Bailey   | Entered a bailey
  6702 | Bailey   | Found an iron altar of Okawaru.
  6702 | Bailey   | Noticed an orc high priest
  6702 | Bailey   | Noticed a kobold demonologist
  6703 | Bailey   | Noticed a sixfirhy
  6703 | Bailey   | Noticed a rust devil
  6704 | Bailey   | Noticed an orange demon
  6714 | Bailey   | Killed an orc high priest
  6714 | Bailey   | Reached XP level 10. HP: 69/91 MP: 9/9
  6989 | Bailey   | Reached skill level 13 in Axes
  7080 | Bailey   | Received a gift from Trog
  7081 | Bailey   | Reached skill level 10 in Fighting
  7708 | D:8      | Reached skill level 10 in Armour
  8089 | D:9      | Paralysed by a hornet for 3 turns
  8444 | D:9      | Identified the Volume of Snow and the Volcanoes
  8598 | D:8      | Reached skill level 14 in Axes
  8966 | D:9      | Reached XP level 11. HP: 101/101 MP: 10/10
  8989 | D:10     | Entered Level 10 of the Dungeon
  9261 | D:10     | Found a staircase to the Orcish Mines.
  9280 | D:10     | Received a gift from Trog
  9499 | D:10     | Noticed a two-headed ogre
  9506 | D:10     | Killed a two-headed ogre
  9782 | D:10     | Found a staircase to the Lair.
 10056 | D:11     | Found Cakhlafim's Weapon Emporium.
 10485 | D:12     | Reached skill level 15 in Axes
 10518 | D:12     | Found a hazy altar of Hepliaklqana.
 10567 | D:12     | Noticed Gastronok
 10586 | D:12     | Killed Gastronok
 10813 | D:12     | Noticed a deep elf mage
 10824 | D:12     | Killed a deep elf mage
 10858 | D:12     | Noticed a two-headed ogre
 10868 | D:12     | Killed a two-headed ogre
 11034 | D:12     | Reached XP level 12. HP: 111/112 MP: 11/11
 11038 | D:12     | Reached skill level 16 in Axes
 12144 | Lair:1   | Entered Level 1 of the Lair of Beasts
 12308 | Lair:1   | Noticed Erica
 12316 | Lair:1   | Killed Erica
 12316 | Lair:1   | Reached ****** piety under Trog
 12365 | Lair:1   | Noticed Grum
 12365 | Lair:1   | Received a gift from Trog
 12380 | Lair:1   | Killed Grum
 12570 | Lair:1   | Found an ornate altar of the Wu Jian Council.
 13456 | Lair:2   | Reached skill level 17 in Axes
 14278 | Lair:3   | Noticed a six-headed hydra
 14292 | Lair:3   | Killed a 12-headed hydra
 14851 | Lair:3   | Found a staircase to the Snake Pit.
 14860 | Lair:3   | Received a gift from Trog
 14860 | Lair:3   | Reached XP level 13. HP: 120/122 MP: 12/12
 15127 | Snake:1  | Entered Level 1 of the Snake Pit
 15440 | Lair:4   | Reached skill level 18 in Axes
 16092 | Lair:4   | Found a staircase to the Swamp.
 16554 | Lair:4   | Found a sacrificial altar of Ru.
 17099 | Lair:5   | Found the +3 robe of Folly {Archmagi, MR-- Int+5}
 18526 | Lair:6   | Entered Level 6 of the Lair of Beasts
 18721 | Lair:5   | Received a gift from Trog
 18734 | Lair:6   | Reached skill level 19 in Axes
 19236 | Lair:6   | Reached XP level 14. HP: 129/133 MP: 13/13
 19303 | Lair:6   | Found a staircase to the Slime Pits.
 19827 | Lair:6   | Reached skill level 15 in Fighting
 19847 | Lair:6   | Got a pair of scorched boots
 19858 | Lair:6   | Identified the +2 pair of boots of the Griffon {rPois Regen+ rCorr Str-2} (You found it on level 6 of the Lair of Beasts)
 20270 | Orc:1    | Entered Level 1 of the Orcish Mines
 20338 | Orc:1    | Received a gift from Trog
 20338 | Orc:1    | Reached skill level 20 in Axes
 20387 | Orc:1    | Noticed a stone giant
 20658 | Orc:1    | Killed a stone giant
 20928 | Orc:2    | Entered Level 2 of the Orcish Mines
 20928 | Orc:2    | Found a staircase to the Elven Halls.
 21085 | Orc:2    | Reached skill level 15 in Armour
 21218 | Orc:2    | Found Foam's Antique Weapon Boutique.
 21276 | Orc:2    | Gained mutation: You tend to lose your temper in combat. [a neqoxec]
 21281 | Orc:2    | Slain by an ice devil

Skill      XL: |  1  2  3  4  5  6  7  8  9 10 11 12 13 14 |
---------------+-------------------------------------------+-----
Axes           | 4 5 6 7 8 10 12 14 15 17 19 20 | 20.3
Fighting       | 4 5 6 8 9 10 12 13 14 15 | 15.3
Armour         | 3 4 5 6 7 9 10 11 13 14 15 | 15.1
Dodging        | |  2.4

Action                   |  1- 3 |  4- 6 |  7- 9 | 10-12 | 13-15 || total
-------------------------+-------+-------+-------+-------+-------++-------
Melee: Hand axe          |    88 |    77 |    31 |       |       ||   196
       Headbutt          |     7 |    16 |    63 |   158 |   135 ||   379
       War axe           |       |       |   260 |   677 |   617 ||  1554
Throw: Javelin           |       |     1 |       |       |       ||     1
Invok: Berserk           |       |     1 |     1 |     2 |     5 ||     9
       Burn Spellbooks   |       |       |     1 |     4 |       ||     5
  Use: Scroll            |     6 |     5 |    10 |     9 |     9 ||    39
       Potion            |     2 |     1 |       |     2 |     3 ||     8
 Stab: Sleeping          |     1 |       |       |       |       ||     1
       Petrifying        |       |       |       |       |     1 ||     1
  Eat: Chunk             |     2 |     5 |    27 |    44 |    34 ||   112
Armor: Animal skin       |    23 |     1 |       |       |       ||    24
       Chain mail        |       |    48 |       |       |       ||    48
       Plate armour      |       |       |   239 |   387 |   470 ||  1096
       Robe              |       |       |       |       |     8 ||     8
Dodge: Dodged            |    58 |    28 |   114 |   243 |   323 ||   766
